 Dungeon Crawl Stone Soup version 0.29-a0-716-gf28ee254f9 (webtiles) character file.

Game seed: 927931125214266843

2 KristoblXynda the Ruffian (level 1, 0/16 HPs)
             Began as a Draconian Transmuter on June 26, 2022.
             Slain by a kobold
             ... wielding a +0 whip
              (1 damage)
             ... on level 1 of the Dungeon.
             The game lasted 00:00:29 (156 turns).

KristoblXynda the Ruffian (Draconian Transmuter)     Turns: 156, Time: 00:00:30

Health: 0/16       AC:  4    Str: 12    XL:     1   Next: 25%
Magic:  1/3        EV: 12    Int: 13    God:
Gold:   7          SH:  0    Dex: 11    Spells: 3/4 levels left

rFire   . . .      SeeInvis .     - Unarmed
rCold   . . .      Faith    .   (no shield)
rNeg    . . .      Spirit   .   (body armour unavailable)
rPois   .          Reflect  .   (helmet currently unavailable)
rElec   .          Harm     .   (no cloak)
rCorr   .          Rampage  .   (no gloves)
Will    .....                   (boots currently unavailable)
Stlth   +.........              (no amulet)
HPRegen 0.05/turn               (no ring)
MPRegen 0.08/turn               (no ring)

@: appendages (expiring), attractive, very slightly contaminated
A: horns 2, talons 2, AC +4, unfitting armour, cold-blooded
a: End Transformation


You were on level 1 of the Dungeon.
You had temporarily grown beastly horns and talons.
You visited 1 branch of the dungeon, and saw 1 of its levels.

You collected 7 gold pieces.

Inventory:

Armour
 d - a +0 pair of boots (melded)
Scrolls
 c - a scroll of enchant weapon {unknown}
Potions
 a - a potion of lignification
 b - a potion of attraction


   Skills:
 - Level 1.1 Fighting
 + Level 1.8 Dodging
 + Level 3.0 Unarmed Combat
 - Level 2.0 Spellcasting
 + Level 2.0 Transmutations


You had 3 spell levels left.
You knew the following spells:

 Your Spells              Type           Power      Damage    Failure   Level
a - Beastly Appendage     Tmut           12%        N/A       11%         1

Your spell library contained the following spells:

 Spells                   Type           Power      Damage    Failure   Level
 Wereblood                Tmut           6%         N/A       17%         2
 Spider Form              Tmut/Pois      3%         N/A       45%         3
 Ice Form                 Ice/Tmut       3%         N/A       86%         4


Dungeon Overview and Level Annotations

Branches:
Dungeon (1/15)

Altars:


Innate Abilities, Weirdness & Mutations

You have temporarily grown beastly horns and talons.
Your plain brown scales are hard. (AC +4)
You cannot fit into any form of body armour.
You are cold-blooded and may be slowed by cold attacks.


Message History

Unknown command.
Sorry, you're not good enough to have a special ability.
Unknown command.
Casting: Beastly Appendage (safe; 11% risk of failure)
Confirm with . or Enter, or press ? or * to list all spells.
You miscast Beastly Appendage.
You are very lightly contaminated with residual magic.
Nothing appears to happen.
The kobold hits you but does no damage.
The hobgoblin hits you but does no damage.
You closely miss the kobold.
The kobold is moderately wounded.
The kobold hits you with a +0 whip. The hobgoblin closely misses you.
Casting: Beastly Appendage (safe; 11% risk of failure)
Confirm with . or Enter, or press ? or * to list all spells.
You grow a pair of large bovine horns.
Your feet morph into talons.
Your +0 pair of boots melds into your body.
The kobold hits you with a +0 whip.
* * * LOW HITPOINT WARNING * * *
The hobgoblin hits you but does no damage.
You closely miss the kobold. You claw the kobold, but do no damage.
The kobold is moderately wounded.
The hobgoblin hits you but does no damage.
The kobold barely misses you.
You closely miss the kobold.
The kobold is moderately wounded.
The hobgoblin hits you.
* * * LOW HITPOINT WARNING * * *
The kobold closely misses you.
You hit the kobold but do no damage.
The kobold is moderately wounded.
The kobold closely misses you. The hobgoblin misses you.
Unknown command.
It was a potion of attraction.
You feel attractive to monsters. The kobold closely misses you.
The hobgoblin barely misses you.
You hit the kobold but do no damage. Your kick misses the kobold.
The kobold is moderately wounded.
Your transformation is almost over.
The kobold hits you with a +0 whip.
You die...

..# ...###
###.... #
..#..#
..###.###g#.#
######
......K@gb..#
♣♣♣≈≈≈≈♣
.###.####.#.#
#♣♣≈≈≈8≈≈≈
..........#
#≈≈≈≈≈≈8≈≈
#########.#
♣♣≈≈≈≈≈8≈≈
#.#♣♣....≈≈≈≈.
#.#♣...####...
#.....##.<##..
#.#...#....#..
#.#♣..##...#..


You could see a hobgoblin, a goblin, a bat and a kobold.

Vanquished Creatures
  A ball python (D:1)
  A rat (D:1)
2 creatures vanquished.

Notes
Turn   | Place    | Note
-------+----------+-------------------------------------------
     0 | D:1      | KristoblXynda the Draconian Transmuter began the quest for
                  | the Orb.
     0 | D:1      | Reached XP level 1. HP: 16/16 MP: 3/3
   156 | D:1      | Slain by a kobold

Illustrated notes

Levels and vault maps discovered:
D:1:      sevenhm_arrival_forest_fort_small_5, layout_basic,
          ebering_ecumenical_altar_webs, minmay_indecisive_spiral

Action                   || total
-------------------------++-------
Melee: Unarmed           ||    17
       Tailslap          ||     2
       Kick              ||     1
       Punch             ||     1
 Cast: Beastly Appendage ||     1
  Use: Potion            ||     1
Armor: Skin              ||    10
Dodge: Dodged            ||    16

Table legend: (Time is in decaauts)
 A = Elapsed time spent in this place.
 B = Non-inter-level travel time spent in this place.
 C = Inter-level travel time spent in this place.
 D = Time resting spent in this place.
 E = Time spent auto-exploring this place.
 F = Levels seen in this place.
 G = Mean time per level.
                   A        B        C        D        E       F      G
               +--------+--------+--------+--------+--------+-----+--------+
         Total |    158 |    136 |     22 |      0 |    103 |   1 |  158.0 |
       Dungeon |    158 |    136 |     22 |      0 |    103 |   1 |  158.0 |
               +--------+--------+--------+--------+--------+-----+--------+

Top non-repeatable levels by time:
     D:1: 158 daAuts
